 Dungeon Crawl Stone Soup version 0.31.0-12-g77e489cdc1 (webtiles) character file.

Game seed: 11551943188373799549

355 Dvallin the Ruffian (level 6, -9/51 HPs)
             Began as a Naga Shapeshifter on Mar 4, 2024.
             Was a Believer of Ru.
             Mangled by a black bear (12 damage)
             ... on level 4 of the Dungeon.
             The game lasted 00:10:50 (2726 turns).

Dvallin the Ruffian (Naga Shapeshifter)             Turns: 2726, Time: 00:10:51

Health: -9/51      AC:  3    Str: 18    XL:     6   Next: 63%
Magic:  15/15      EV:  9    Int: 10    God:    Ru [**....]
Gold:   175        SH:  0    Dex: 11    Spells: 5/5 levels left

rFire   . .          .
                       - Unarmed
rCold   . . .        (no shield)
rNeg    . . .        a - +0 animal skin
rPois   +            (helmet currently unavailable)
rElec   .            (cloak currently unavailable)
rCorr   .            (gloves currently unavailable)
SInv    +            n - melded +0 barding
Will    .....        (no amulet)
Stlth   +            f - ring of magical power
HPRegen 0.28/turn    (no ring)
MPRegen 0.14/turn

%: no passive effects
@: beast-form, very slow
A: beast (slay +2), AC +2, large, see invisible, deformed body, poison
resistance, slowness 2, spit poison 1, hated by all, naga tail 1
a: Spit Poison, Begin Untransformation, Renounce Religion


You were on level 4 of the Dungeon.
You worshipped Ru.
Ru was pleased with you.
You were a hulking beast.
You visited 1 branch of the dungeon, and saw 4 of its levels.

You collected 175 gold pieces.

Inventory:

Armour
 a - a +0 animal skin (worn)
 n - a +0 barding (melded)
Jewellery
 f - a ring of magical power (left hand)
Talismans
 c - a beast talisman (active)
 d - a flux talisman
 s - a maw talisman
Scrolls
 g - 2 scrolls of poison {unknown}
 i - a scroll of enchant weapon {unknown}
 k - a scroll of teleportation {unknown}
 l - a scroll of blinking {unknown}
 m - a scroll of revelation {unknown}
 o - a scroll of enchant armour {unknown}
 p - a scroll of noise {unknown}
 r - a scroll of acquirement {unknown}
 t - a scroll of fear {unknown}
Potions
 b - a potion of curing {unknown}
 e - 3 potions of heal wounds {unknown}
 h - 4 potions of ambrosia {unknown}
 j - 2 potions of mutation {unknown}
 q - a potion of haste {unknown}
 u - a potion of cancellation {unknown}
 v - a potion of invisibility {unknown}


   Skills:
 - Level 1.0 Fighting
 - Level 1.5 Dodging
 - Level 6.0 Unarmed Combat
 + Level 4.7 Shapeshifting


You had 5 spell levels left.
You didn't know any spells.
Your spell library was empty.

Dungeon Overview and Level Annotations

Branches:
Dungeon (4/15)
 Temple: D:4-7

Altars:
Ru


Innate Abilities, Weirdness & Mutations

You are a hulking beast.
Your limbs bulge with bestial killing power. (Slay +2)
Your serpentine skin is tough. (AC +2)
You have supernaturally acute eyesight. (SInv)
Armour fits poorly on your strangely shaped body.
Your system is resistant to poisons. (rPois)
You cover ground very slowly.
You can spit poison.
You are hated by all.
You have a snake-like lower body.


Message History

The black bear growls angrily.
You redirect the black bear's attack!
The black bear bites you but does no damage.
The black bear closely misses you. The black bear claws you.
The black bear bites you. The black bear claws you.
The black bear claws you but does no damage.
You punch the black bear!
The black bear is moderately wounded.
You barely miss the black bear. You punch the black bear.
The black bear is moderately wounded.
The black bear bites you. The black bear claws you.
The black bear barely misses you.
You punch the black bear!
The black bear is severely wounded.
The black bear bites you.
The black bear claws you but does no damage.
The black bear claws you.
You hit the black bear.
The black bear is severely wounded.
The black bear bites you. The black bear barely misses you.
The black bear claws you.
You hit the black bear.
The black bear is severely wounded.
The black bear bites you but does no damage.
The black bear claws you. The black bear completely misses you.
You hit the black bear.
The black bear is severely wounded.
The black bear goes berserk!
You barely miss the black bear.
The black bear is severely wounded.
The black bear bites you but does no damage.
The black bear claws you. x2
You hit the black bear.
The black bear is severely wounded.
The black bear bites you!
* * * LOW HITPOINT WARNING * * *
The black bear barely misses you. The black bear claws you.
* * * LOW HITPOINT WARNING * * *
The black bear bites you!
You die...

#.......#
#...#
#.......#
#.
#.......#
#####
##.#######
##
#.......#
##..#
#.......#
###..##
#.......#
##...##
#..###
#.##
####.#
#.hh.#
#.....#
#..###..#
#.. ##.#
#.. .# #.
.. . #+# .
.


You could see a black bear (berserk).

Vanquished Creatures
  Sigmund (D:2)
  A scorpion (D:4)
  A hound (D:4)
  4 gnolls (D:4)
  A dart slug (D:1)
  6 orcs
  7 bats
  9 endoplasms
  2 giant cockroaches (D:3)
  7 goblins
  6 hobgoblins
  3 jackals (D:3)
  4 kobolds
  2 quokkas
  4 ball pythons
  A frilled lizard (D:1)
  A rat (D:1)
60 creatures vanquished.

Notes
Turn   | Place    | Note
-------+----------+-------------------------------------------
     0 | D:1      | Dvallin the Naga Shapeshifter began the quest for the Orb.
     0 | D:1      | Reached XP level 1. HP: 18/18 MP: 1/1
    40 | D:1      | Reached XP level 2. HP: 6/25 MP: 2/2
   446 | D:1      | Reached skill level 4 in Unarmed Combat
   496 | D:1      | Reached XP level 3. HP: 31/31 MP: 3/3
   600 | D:2      | Found a sacrificial altar of Ru.
   606 | D:2      | Became a worshipper of Ru the Awakened
   848 | D:2      | Noticed Sigmund
   857 | D:2      | Killed Sigmund
   858 | D:2      | Reached skill level 6 in Unarmed Combat
   858 | D:2      | Reached XP level 4. HP: 38/38 MP: 4/4
   858 | D:2      | Reached XP level 5. HP: 44/44 MP: 5/5
  1027 | D:2      | Identified the +5 rapier "Uniu" {venom, rN++ Int+3}
  1403 | D:2      | Found a faded altar of an unknown god.
  1916 | D:3      | Gained mutation: You are hated by all. [Ru sacrifice]
  1916 | D:3      | Reached * piety under Ru
  1916 | D:3      | Reached ** piety under Ru
  2304 | D:4      | Reached XP level 6. HP: 21/51 MP: 6/6
  2717 | D:4      | Noticed a black bear
  2726 | D:4      | Mangled by a black bear

Illustrated notes

Levels and vault maps discovered:
D:1:      dpeg_arrival_tiny_a, layout_rooms
D:2:      layout_loops_cross, basic_altar, shapermc_ecumenical_altar_hornbeckon,
          nicolae_titane, uniq_sigmund
D:3:      layout_loops_cross
D:4:      layout_basic, kennysheep_another_room, minivault_23

Skill      XL: |  1  2  3  4  5 |
---------------+----------------+-----
Unarmed Combat | 4 6 |  6.0
Shapeshifting  | 4 |  4.7
Fighting       | |  1.0
Dodging        | |  1.5

Action                     |  1- 3 |  4- 6 || total
---------------------------+-------+-------++-------
  Melee: Unarmed           |    40 |    70 ||   110
         Punch             |       |     4 ||     4
 Invoke: Sacrifice Love    |       |     1 ||     1
Ability: Spit Poison       |    12 |    25 ||    37
         Begin Untransform |     1 |       ||     1
    Use: Potion            |     1 |       ||     1
 Armour: Animal skin       |    23 |    53 ||    76
         Skin              |     4 |     1 ||     5
  Dodge: Dodged            |    27 |    29 ||    56
   Form: Beast             |     1 |       ||     1
